 Dungeon Crawl Stone Soup version 0.25-a0-645-gb4487340cb (webtiles) character file.

Game seed: 17023238497893908310, levelgen mode: deterministic

95 Eurus the Conjurer (level 4, -1/32 HPs)
             Began as a Mummy Conjurer on Mar 21, 2020.
             Slain by an adder (5 damage)
             ... on level 2 of the Dungeon.
             The game lasted 00:05:05 (2184 turns).

Eurus the Conjurer (Mummy Conjurer)                 Turns: 2184, Time: 00:05:05

Health: -1/32      AC:  2    Str: 11    XL:     4   Next: 39%
Magic:  1/9        EV: 12    Int: 15    God:
Gold:   54         SH:  0    Dex: 12    Spells: 7/10 levels left

rFire    x . .     SeeInvis .   b - +0 club
rCold    + . .     Gourm    .   (no shield)
rNeg     + + +     Faith    .   a - +0 robe
rPois    ∞         Spirit   .   (no helmet)
rElec    .         Reflect  .   (no cloak)
rCorr    .         Harm     .   (no gloves)
MR       .....                  (no boots)
Stlth    ++........             (no amulet)
HPRegen  0.10/turn              (no ring)
MPRegen  0.11/turn              (no ring)

@: very slightly contaminated
A: no food or potions, fire vulnerability, cold resistance 1, negative energy
resistance 3, torment resistance, unbreathing
a: no special abilities


You were on level 2 of the Dungeon.
You were not hungry.

You visited 1 branch of the dungeon, and saw 2 of its levels.

You collected 54 gold pieces.

Inventory:

Hand Weapons
 b - a +0 club (weapon)
 c - a cursed +0 spear
Armour
 a - a +0 robe (worn)
Scrolls
 d - a scroll of teleportation {unknown}
 e - 2 scrolls of remove curse {unknown}
 f - a scroll of identify {unknown}
 g - a scroll of enchant armour {unknown}
 h - a scroll of blinking {unknown}
 i - a scroll of amnesia {unknown}


   Skills:
 + Level 1.1 Fighting
 - Level 1.5 Dodging
 - Level 1.5 Stealth
 + Level 3.8 Spellcasting
 * Level 4.3 Conjurations


You had 7 spell levels left.
You knew the following spells:

 Your Spells              Type           Power        Failure   Level  Hunger
a - Magic Dart            Conj           ###.         3%          1    N/A
b - Searing Ray           Conj           ###...       4%          2    N/A

Your spell library contained the following spells:

 Spells                   Type           Power        Failure   Level  Hunger
 Dazzling Flash           Conj/Hex       #.....       22%         3    N/A
 Fulminant Prism          Conj/Hex       #.........   58%         4    N/A
 Iskenderun's Mystic Bla  Conj/Tloc      #.......     58%         4    N/A

Dungeon Overview and Level Annotations

Branches:
Dungeon (2/15)

Altars:

Annotations:
D:2 exclusion: door


Innate Abilities, Weirdness & Mutations

You do not eat or drink.
Your flesh is vulnerable to fire.
You are immune to poison.
Your flesh is cold resistant. (rC+)
You are immune to negative energy. (rN+++)
You are immune to unholy pain and torment.
You can survive without breathing.


Message History

Aiming: Searing Ray (safe; 4% risk of failure)
Press: ? - help, Shift-Dir - straight line, f/p - adder
Aim: an adder (severely wounded)
The searing ray misses the adder. (Press . to maintain the ray.)
The adder bites you.
* * * LOW HITPOINT WARNING * * *
You barely miss the adder.
The adder is heavily wounded.
The adder bites you.
* * * LOW HITPOINT WARNING * * *
The adder bites you.
* * * LOW HITPOINT WARNING * * *
You hit the adder.
The adder is severely wounded.
The adder closely misses you.
You hit the adder but do no damage.
The adder is severely wounded.
The adder bites you.
You die...

#.......# .....##..#
...##.##..#
..##...##.##
.##...(.#..#
.#...#...#.##
..#.....##..#
#.##÷..##...########
...##)##.....!†S@.>#
##..##(†.###########
....÷..### ###.#.##
....!.#########
##.......†S.†.#
....#########.#
#...# #...#


You could see an adder.

Vanquished Creatures
  2 adders (D:2)
  2 worms (D:2)
  3 dart slugs
  A leopard gecko (D:2)
  2 ball pythons
  A giant cockroach (D:2)
  5 goblins
  11 hobgoblins
  8 jackals (D:2)
  9 bats
  3 frilled lizards (D:2)
  7 kobolds
  6 rats
60 creatures vanquished.

Notes
Turn   | Place    | Note
-------+----------+-------------------------------------------
     0 | D:1      | Eurus the Mummy Conjurer began the quest for the Orb.
     0 | D:1      | Reached XP level 1. HP: 13/13 MP: 4/4
   395 | D:1      | Reached XP level 2. HP: 19/19 MP: 1/6
   399 | D:1      | Learned a level 2 spell: Searing Ray
  1191 | D:2      | Reached XP level 3. HP: 24/24 MP: 5/7
  1411 | D:2      | Reached skill level 4 in Conjurations
  1954 | D:2      | Reached skill level 1 in Fighting
  1954 | D:2      | Reached XP level 4. HP: 24/32 MP: 2/9
  2184 | D:2      | Slain by an adder

Levels and vault maps discovered:
D:1:      wheals_arrival_linesprint, layout_loops_corners
D:2:      minmay_chambers_of_twos, layout_basic, minmay_heptomino_w4,
          uniq_natasha

Skill      XL: |  1  2  3 |
---------------+----------+-----
Spellcasting   | 3 |  3.8
Conjurations   | 4 |  4.3
Fighting       | 1 |  1.1
Dodging        | |  1.5
Stealth        | |  1.5

Action                   |  1- 3 |  4- 6 || total
-------------------------+-------+-------++-------
Melee: Unarmed           |     8 |       ||     8
       Club              |    46 |    32 ||    78
 Cast: Magic Dart        |    71 |     8 ||    79
       Searing Ray       |     4 |     3 ||     7
 Stab: Sleeping          |     1 |       ||     1
Armor: Robe              |     9 |    15 ||    24
Dodge: Dodged            |    52 |    40 ||    92

Table legend:
 A = Non-vault XP
 B = Vault XP
 C = Vault XP percentage of total XP
 D = Non-vault monster count
 E = Vault monster count
 F = Vault count percentage of total count
                 A         B        C        D         E       F
            +---------+---------+-------+---------+---------+-------
      Total |     103 |      33 |  24.3 |      47 |      13 |  21.7
            +---------+---------+-------+---------+---------+-------
        D:1 |      39 |       0 |   0.0 |      23 |       0 |   0.0
        D:2 |      64 |      33 |  34.0 |      24 |      13 |  35.1
            +---------+---------+-------+---------+---------+-------
